 Dungeon Crawl Stone Soup version 0.28-a0-1429-gf3d713df7a (webtiles) character file.

Game seed: 8259232603601946231

432 avis the Sneak (level 7, -15/48 HPs)
             Began as an Octopode Cinder Acolyte on Jan 9, 2022.
             Was an Elder of Ignis.
             Demolished by an ogre (19 damage)
             ... on level 4 of the Dungeon.
             The game lasted 00:17:07 (4316 turns).

avis the Sneak (Octopode Cinder Acolyte)            Turns: 4316, Time: 00:17:08

Health: -15/48     AC:  1    Str: 14    XL:     7   Next: 0%
Magic:  8/8        EV: 12    Int: 16    God:    Ignis [****..]
Gold:   113        SH:  0    Dex:  9    Spells: 6/8 levels left

rFire   + . .      SeeInvis .   a - +4 whip (elec)
rCold   . . .      Faith    .   (no shield)
rNeg    . . .      Spirit   .   (helmet restricted)
rPois   .          Reflect  .   (no amulet)
rElec   .          Harm     .   (no ring)
rCorr   .          Rampage  .   (no ring)
Will    .....                   (no ring)
Stlth   ++++......              (no ring)
HPRegen 0.16/turn               (no ring)
MPRegen 0.11/turn               (no ring)
                                (no ring)
                                (no ring)

@: lethally poisoned (-15 -> -19)
A: almost no armour, amphibious, 8 rings, camouflage 1, gelatinous body 1,
(nimble swimmer 1), tentacles
a: Renounce Religion, Fiery Armour, Foxfire Swarm, Rising Flame


You were on level 4 of the Dungeon.
You worshipped Ignis.
Ignis was greatly pleased with you.
You visited 1 branch of the dungeon, and saw 4 of its levels.

You collected 113 gold pieces.

Inventory:

Hand Weapons
 a - a +4 whip of electrocution (weapon)
 r - a +0 hunting sling of venom
Missiles
 b - 82 stones
 e - 6 boomerangs (quivered)
 f - 18 arrows
Magical Staves
 d - a staff of earth
Jewellery
 n - an amulet of guardian spirit
Wands
 i - a wand of flame (29)
Scrolls
 c - a scroll of vulnerability
 g - a scroll of silence
 j - 2 scrolls of teleportation
 k - a scroll of immolation {unknown}
 m - 2 scrolls of identify
 o - a scroll of noise {unknown}
 p - a scroll of brand weapon
 q - a scroll of holy word {unknown}
Potions
 l - a potion of brilliance
 s - a potion of lignification


   Skills:
 - Level 4.0 Fighting
 * Level 4.3 Maces & Flails
 - Level 5.0 Stealth
 - Level 4.0 Unarmed Combat
 - Level 1.0 Spellcasting
 - Level 3.0 Fire Magic


You had 6 spell levels left.
You knew the following spells:

 Your Spells              Type           Power      Damage    Failure   Level
a - Scorch                Fire           20%        2d6       10%         2

Your spell library contained the following spells:

 Spells                   Type           Power      Damage    Failure   Level
 Gell's Gravitas          Tloc           0%         N/A       56%         3
 Lesser Beckoning         Tloc           0%         N/A       56%         3
 Teleport Other           Tloc           0%         N/A       56%         3
 Alistair's Intoxication  Tmut/Pois      0%         N/A       99%         5
 Borgnjor's Vile Clutch   Necr/Erth      0%         N/A       99%         5
 Eringya's Noxious Bog    Tmut/Pois      0%         N/A       100%        6


Dungeon Overview and Level Annotations

Branches:
Dungeon (4/15)
 Temple: D:4-7

Altars:
Cheibriados

Shops:
D:3 (

Annotations:
D:2 1 runed translucent door, exclusion: door, Crazy Yiuf


Innate Abilities, Weirdness & Mutations

You cannot wear most types of armour.
You are amphibious.
You can wear up to eight rings at the same time.
Your skin changes colour to match your surroundings (Stealth+).
Your rubbery body absorbs attacks. (AC +1, EV +1)
((You are camouflaged when in or above water. (Stealth+)))
You have tentacles for arms and can constrict up to eight enemies at once.


Message History

Your grab misses the hound skeleton.
The hound skeleton is almost destroyed.
The hound skeleton closely misses you.
You barely miss the hound skeleton. You grab the hound skeleton.
You tentacle-slap the hound skeleton.
You destroy the hound skeleton!
You hit the scorpion. You grab the scorpion. You squeeze the scorpion.
The scorpion is moderately wounded.
You constrict the scorpion, but do no damage.
The scorpion stings you!
You are poisoned.
The scorpion poisons you!
You hit the scorpion.
Lightning courses through the scorpion!!
You kill the scorpion!
You feel very sick.
A ball python comes into view.
Your Maces & Flails skill increases to level 4!
You have reached level 7!
You hit the ogre.
The ogre is lightly wounded.
You feel sick. The ogre closely misses you.
A hound skeleton comes into view.
You hit the ogre but do no damage. Lightning courses through the ogre!
Your squeeze misses the ogre.
The ogre is moderately wounded.
You feel sick.
The ogre hits you with a +0 giant club!!
Ouch! That really hurt!
* * * LOW HITPOINT WARNING * * *
You hit the ogre.
The ogre is heavily wounded.
* * * LOW HITPOINT WARNING * * *
You feel sick.
You barely miss the ogre.
The ogre is heavily wounded.
* * * LOW HITPOINT WARNING * * *
You feel sick.
The ogre hits you with a +0 giant club!!
You die...

,,,,,,,,......#............#,8,*
***,,,,**#..............####,,,**
,,,,,,,,,+..............#,,,,,,,,
,,,,,,*,,#..........#####,<,,,,,,
,,,,,,,,.....J......# *,,,,,,,,
,,,,,,,,o.######....# ****,,,,,
,,**,,,,,,* ####.# *,,,,,
,,,,,*,,,,######....# *****,,,,,
,,,,,,,,,,#...SO@...#***,,,,,,,,,
,,,,,,,,,,#...Z######*,,,,,⌠,***,
,,,,,,***,#.##**,,,,**,,,,,,,* *,
,,,,,,***,*,,,,,,,,,**,,,*******,
,,,,,,,,,,*,,,,****,**,,,,,,,,***
,,,,,,,,********,,,,*****,,,,,**,
,,,,,,,,* *,,,,,,,,,* ***,,,,,,,,
,,,,,,,,* *,,,,****** *,,,,,,,**,
,,,,,,,,* *,*****,,,***,,,,,,,,*,


You could see an ogre, a ball python and a hound skeleton.

Vanquished Creatures
  A water moccasin (D:3)
  A scorpion (D:4)
  Natasha (thrice) (D:2)
  A hound skeleton (D:4)
  3 gnolls (D:3)
  6 adders
  2 worms
  2 dart slugs
  2 orcs (D:3)
  7 endoplasms
  3 giant cockroaches
  6 hobgoblins
  4 jackals (D:2)
  4 quokkas
  11 ball pythons
  5 bats
  2 frilled lizards
  7 goblins
  8 kobolds
  3 rats
81 creatures vanquished.

Notes
Turn   | Place    | Note
-------+----------+-------------------------------------------
     0 | D:1      | avis the Octopode Cinder Acolyte began the quest for the
                  | Orb.
     0 | D:1      | Reached XP level 1. HP: 16/16 MP: 2/2
   316 | D:1      | Reached XP level 2. HP: 20/21 MP: 3/3
   399 | D:1      | Reached skill level 1 in Stealth
  1084 | D:1      | Reached XP level 3. HP: 25/26 MP: 4/4
  1258 | D:1      | Reached skill level 2 in Stealth
  1379 | D:1      | Found a faded altar of an unknown god.
  1690 | D:2      | Reached skill level 3 in Stealth
  1884 | D:2      | Reached XP level 4. HP: 25/31 MP: 5/5
  2031 | D:2      | Noticed Natasha
  2037 | D:2      | Killed Natasha
  2038 | D:2      | Reached skill level 4 in Stealth
  2110 | D:2      | Noticed Natasha
  2120 | D:2      | Killed Natasha
  2121 | D:2      | Reached skill level 5 in Stealth
  2121 | D:2      | Reached XP level 5. HP: 36/36 MP: 6/6
  2259 | D:2      | Found a runed translucent door.
  2260 | D:2      | Noticed Crazy Yiuf
  2568 | D:2      | Noticed Natasha
  2572 | D:2      | Killed Natasha
  2955 | D:3      | Found Taos's Antique Weapon Boutique.
  3139 | D:3      | Reached skill level 1 in Maces & Flails
  3290 | D:3      | Noticed a water moccasin
  3298 | D:3      | Killed a water moccasin
  3299 | D:3      | Reached XP level 6. HP: 40/43 MP: 7/7
  3428 | D:3      | Learned a level 2 spell: Scorch
  3998 | D:3      | Found a snail-covered altar of Cheibriados.
  4313 | D:4      | Reached XP level 7. HP: 35/48 MP: 8/8
  4316 | D:4      | Demolished by an ogre

Illustrated notes

Levels and vault maps discovered:
D:1:      doesnt_arrival_eight_statues, layout_loops_corners,
          chequers_ecumenical_altar_grove
D:2:      wander_river, layout_basic, uniq_crazy_yiuf_cottage, uniq_natasha
D:3:      layout_loops_corners, cheibrodos_worm_habitat, serial_shops,
          nicolae_shop_competitors_out_of_business, dk_noncrumbling_2
D:4:      minmay_angry_zag, layout_basic, cheibrodos_sewer_entry_bend,
          minmay_misc_feat_tower, nicolae_elevator_lobby_asterisk

Skill      XL: |  1  2  3  4  5  6 |
---------------+-------------------+-----
Stealth        | 1 3 5 |  5.0
Unarmed Combat | 4 |  4.0
Fighting       | 4 |  4.0
Maces & Flails | 3 4 |  4.3
Spellcasting   | |  1.0
Fire Magic     | |  3.0

Action                   |  1- 3 |  4- 6 |  7- 9 || total
-------------------------+-------+-------+-------++-------
Melee: Unarmed           |    36 |       |       ||    36
       Constrict         |    16 |    20 |       ||    36
       Tentacles         |    10 |    15 |       ||    25
       Punch             |     2 |     1 |       ||     3
       Whip              |    37 |    84 |     4 ||   125
Invok: Fiery Armour      |     1 |     4 |       ||     5
  Use: Scroll            |       |     7 |       ||     7
 Stab: Sleeping          |    10 |     7 |       ||    17
Armor: Skin              |     9 |    12 |       ||    21
Dodge: Dodged            |    28 |    38 |     1 ||    67

Table legend: (Time is in decaauts)
 A = Elapsed time spent in this place.
 B = Non-inter-level travel time spent in this place.
 C = Inter-level travel time spent in this place.
 D = Time resting spent in this place.
 E = Time spent auto-exploring this place.
 F = Levels seen in this place.
 G = Mean time per level.
                   A        B        C        D        E       F      G
               +--------+--------+--------+--------+--------+-----+--------+
         Total |   4324 |   3898 |    426 |   1098 |   2037 |   4 | 1081.0 |
       Dungeon |   4324 |   3898 |    426 |   1098 |   2037 |   4 | 1081.0 |
               +--------+--------+--------+--------+--------+-----+--------+

Top non-repeatable levels by time:
     D:1: 1553 daAuts
     D:3: 1446 daAuts
     D:2: 1247 daAuts
     D:4: 77 daAuts
